 Dungeon Crawl Stone Soup version 0.30-a0-331-g8ab09dc110 (webtiles) character file.

Game seed: 17708521984190969441

39 Muataran the Trooper (level 3, -2/33 HPs)
             Began as a Hill Orc Fighter on Oct 30, 2022.
             Killed by nerve-wracking pain
             ... invoked by Grinder
              (13 damage)
             ... on level 3 of the Dungeon.
             The game lasted 00:02:42 (1746 turns).

Muataran the Trooper (Hill Orc Fighter)             Turns: 1746, Time: 00:02:42

Health: -2/33      AC:  6    Str: 20    XL:     3   Next: 47%
Magic:  3/3        EV:  9    Int:  8    God:
Gold:   83         SH:  4    Dex: 10    Spells: 2/2 levels left

rFire   . . .      SeeInvis .    a - +0 war axe
rCold   . . .      Faith    .    c - +0 buckler
rNeg    . . .      Spirit   .    b - +0 scale mail
rPois   .          Reflect  .    (no helmet)
rElec   .          Harm     .    (no cloak)
rCorr   .          Rampage  .    (no gloves)
Will    .....                    (no boots)
Stlth   ..........               (no amulet)
HPRegen 0.25/turn                (no ring)
MPRegen 0.08/turn                (no ring)

@: mighty
A: no striking features
a: no special abilities


You were on level 3 of the Dungeon.
You visited 1 branch of the dungeon, and saw 3 of its levels.

You collected 83 gold pieces.

Inventory:

Hand Weapons
 a - a +0 war axe (weapon)
Armour
 b - a +0 scale mail (worn)
 c - a +0 buckler (worn)
 e - a +0 kite shield
Jewellery
 i - a +6 ring of intelligence
Scrolls
 h - a scroll of noise {unknown}
 n - 2 scrolls of identify {unknown}
 p - a scroll of amnesia {unknown}
 r - a scroll of fog {unknown}
 s - a scroll of poison {unknown}
Potions
 d - a potion of might
 f - a potion of magic {unknown}
 g - a potion of cancellation {unknown}
 j - 2 potions of heal wounds {unknown}
 k - 2 potions of flight {unknown}
 l - a potion of resistance {unknown}
 m - a potion of curing {unknown}
 o - a potion of degeneration {unknown}
 q - a potion of attraction {unknown}


   Skills:
 + Level 4.0 Fighting
 * Level 3.8 Axes
 + Level 3.6 Armour
 + Level 3.6 Shields


You had 2 spell levels left.
You didn't know any spells.
Your spell library contained the following spells:

 Spells                   Type           Power      Damage    Failure   Level
 Portal Projectile        Hex/Tloc       0%         N/A       99%         3
 Tukima's Dance           Hex            0%         N/A       99%         3
 Blade Hands              Tmut           0%         N/A       100%        5


Dungeon Overview and Level Annotations

Branches:
Dungeon (3/15)

Altars:

Annotations:
D:3 Grinder


Message History

Grinder shouts!
There is a stone staircase leading up here.
Grinder is nearby!
You aren't carrying any items that you can evoke.
You feel very mighty all of a sudden.
Grinder says, "You look like you could use a good racking."
Found a dagger.
You barely miss Grinder. Grinder hits you but does no damage.
You hit Grinder.
Grinder is lightly wounded.
Grinder says, "FISH!"
Grinder zaps a wand.
The puff of flame hits you!
You barely miss Grinder.
Grinder is lightly wounded.
Grinder hits you.
You writhe in agony.
Grinder says, "You look like you could use a good racking."
You block Grinder's attack.
You closely miss Grinder.
Grinder is lightly wounded.
Grinder gestures at you. You resist with significant effort.
You closely miss Grinder.
Grinder is lightly wounded.
Grinder gestures at you.
You barely resist. You hit Grinder.
Grinder is lightly wounded.
Grinder hits you but does no damage. Grinder hits you.
You writhe in agony.
You slash Grinder!
Grinder is heavily wounded.
Grinder gestures at you. Pain shoots through your body!
You closely miss Grinder.
Grinder is heavily wounded.
Grinder barely misses you. Grinder hits you!
You closely miss Grinder.
Grinder is heavily wounded.
Grinder gestures at you. Pain shoots through your body!
You die...

.. #. #. ##) ..
.#####.
.......######
......5@<...#
.##########.....
###


You could see Grinder.

Vanquished Creatures
  A worm (D:2)
  A dart slug (D:1)
  An orc (D:2)
  5 ball pythons
  9 endoplasms
  A quokka (D:1)
  3 bats
  3 frilled lizards (D:1)
  A goblin (D:1)
  4 kobolds
  4 rats
33 creatures vanquished.

Notes
Turn   | Place    | Note
-------+----------+-------------------------------------------
     0 | D:1      | Muataran the Hill Orc Fighter began the quest for the Orb.
     0 | D:1      | Reached XP level 1. HP: 19/19 MP: 1/1
   308 | D:1      | Reached XP level 2. HP: 27/27 MP: 2/2
   874 | D:1      | Reached XP level 3. HP: 28/33 MP: 3/3
  1162 | D:2      | Found a faded altar of an unknown god.
  1358 | D:2      | Reached skill level 4 in Fighting
  1735 | D:3      | Noticed Grinder
  1746 | D:3      | Killed from afar by Grinder

Illustrated notes

Levels and vault maps discovered:
D:1:      roderic_chinese_lattice_arrival, layout_basic
D:2:      layout_basic, ebering_ecumenical_altar_petrified,
          kennysheep_crisscross, corexii_shack
D:3:      layout_loops_ring, serial_shops, nicolae_square_shop,
          uniq_crazy_yiuf_cottage, uniq_robin, uniq_natasha, uniq_grinder

Skill      XL: |  1  2  3 |
---------------+----------+-----
Axes           | 3 |  3.8
Fighting       | 4 |  4.0
Armour         | |  3.6
Shields        | |  3.6

Action                   || total
-------------------------++-------
Melee: War axe           ||    85
  Use: Potion            ||     1
Armor: Scale mail        ||    32
Dodge: Dodged            ||    31
Block: Buckler           ||    15

Table legend: (Time is in decaauts)
 A = Elapsed time spent in this place.
 B = Non-inter-level travel time spent in this place.
 C = Inter-level travel time spent in this place.
 D = Time resting spent in this place.
 E = Time spent auto-exploring this place.
 F = Levels seen in this place.
 G = Mean time per level.
                   A        B        C        D        E       F      G
               +--------+--------+--------+--------+--------+-----+--------+
         Total |   1776 |   1723 |     53 |      0 |   1468 |   3 |  592.0 |
       Dungeon |   1776 |   1723 |     53 |      0 |   1468 |   3 |  592.0 |
               +--------+--------+--------+--------+--------+-----+--------+

Top non-repeatable levels by time:
     D:1: 1173 daAuts
     D:2: 589 daAuts
     D:3: 13 daAuts
